Map: Ruins of Seras

Players

MinChul (MC)

  • Race: Protoss Protoss

Elazer - Winner!

  • Race: Zerg Zerg
  • League: Grandmaster

Event: Homestory Cup XII

VOD

Have the link to the VOD?

Description

Time

  • Played on: Dec. 19, 2015, 1:41 p.m.
  • Length: 11:36

All games in this series

Show
View Real Time Build Order
Export as new Build Order

MinChul Protoss 

Build Orders: 1 Gate Expand 

Get SALT Encoding   

  12  0:01  Probe (Chrono Boost)  
  13  0:11  Probe (Chrono Boost)  
  14  0:17  Pylon  
  14  0:22  Probe (Chrono Boost)  
  15  0:36  Probe (Chrono Boost)  
  15  0:40  Gateway  
  16  0:46  Probe (Chrono Boost)  
  17  0:51  Assimilator  
  18  0:57  Probe (Chrono Boost)  
  18  1:07  Probe (Chrono Boost)  
  19  1:25  Nexus  
  19  1:37  Cybernetics Core  
  19  1:38  Probe (Chrono Boost)  
  20  1:44  Assimilator  
  20  1:49  Probe (Chrono Boost)  
  21  1:54  Pylon  
  21  1:59  Probe (Chrono Boost)  
  22  2:10  Probe (Chrono Boost)  
  22  2:13  Adept (Chrono Boost), Warp Gate  
  25  2:22  Mothership Core  
  27  2:35  Probe  
  27  2:38  Adept (Chrono Boost)  
  27  2:43  Probe  
  31  2:46  Probe  
  32  2:55  Probe  
  32  2:56  Probe  
  32  2:57  Pylon  
  34  3:01  Sentry (Chrono Boost), Pylon  
  36  3:07  Probe x2  
  38  3:17  Probe  
  38  3:19  Probe  
  40  3:21  Twilight Council  
  40  3:24  Sentry (Chrono Boost)  
  42  3:32  Gateway  
  42  3:36  Gateway  
  42  3:38  Probe (Chrono Boost)  
  43  3:42  Probe (Chrono Boost)  
  44  3:50  Probe (Chrono Boost)  
  44  3:52  Resonating Glaives (Chrono Boost)  
  44  3:53  Probe (Chrono Boost)  
  44  3:55  Robotics Facility  
  46  4:00  Probe  
  47  4:04  Probe  
  47  4:05  Pylon  
  48  4:26  Gateway  
  48  4:28  Gateway  
  48  4:30  Gateway  
  48  4:32  Gateway  
  48  4:36  Adept x3  
  54  4:42  Warp Prism (Chrono Boost)  
  56  4:50  Pylon  
  56  4:55  Pylon  
  56  4:59  Adept x3  
  62  5:09  Pylon  
  63  5:14  Observer (Chrono Boost)  
  63  5:26  Adept x6  
  63  5:27  Adept  
  77  5:33  Pylon  
  73  5:53  Adept x4  
  73  5:54  Adept x3  
  69  6:14  Adept x6  
  69  6:18  Adept  
  51  6:34  Immortal (Chrono Boost)  
  51  6:35  Assimilator x2  
  55  6:42  Pylon  
  55  6:44  Pylon  
  55  6:52  Adept x2  
  55  6:53  Adept  
  61  6:54  Adept x2  
  63  7:01  Adept  
  63  7:07  Adept  
  65  7:23  Immortal (Chrono Boost)  
  57  7:33  Probe (Chrono Boost)  
  57  7:34  Probe (Chrono Boost)  
  59  7:37  Pylon  
  59  7:44  Probe x2 (Chrono Boost)  
  59  7:48  Robotics Bay  
  61  7:55  Probe x2 (Chrono Boost)  
  63  8:01  Adept x7  
  79  8:05  Probe x2 (Chrono Boost)  
  79  8:10  Immortal (Chrono Boost)  
  83  8:19  Probe x2 (Chrono Boost)  
  85  8:31  Nexus  
  85  8:33  Blink (Chrono Boost)  
  85  8:37  Pylon  
  85  8:39  Pylon  
  85  8:43  Disruptor  
  85  8:52  Robotics Facility  
  85  8:54  Adept  
  90  9:07  Probe x2  
  92  9:11  Forge  
  92  9:15  Stalker x2, Disruptor  
  96  9:19  Probe  
  100  9:25  Pylon  
  100  9:30  Pylon  
  100  9:32  Sentry  
  100  9:33  Sentry  
  104  9:42  Disruptor  
  104  9:44  Probe  
  107  9:45  Probe x2  
  108  9:57  Probe  
  94  10:07  Adept  
  94  10:08  Adept x4  
  94  10:13  Adept x2  
  97  10:19  Observer (Chrono Boost)  
  85  10:38  Adept x7  
  85  10:40  Observer x2 (Chrono Boost)  
  87  11:08  Adept x7  
Show
View Real Time Build Order
Export as new Build Order

Elazer Zerg - Winner!

Build Orders: Hatch First, Lurkers 

Get SALT Encoding   

  12  0:00  Drone  
  13  0:13  Overlord  
  13  0:18  Drone  
  14  0:31  Drone x2  
  14  0:35  Drone  
  17  0:53  Hatchery  
  17  0:56  Drone  
  17  0:59  Drone  
  18  1:09  Extractor  
  17  1:14  Spawning Pool  
  17  1:17  Drone  
  17  1:21  Drone  
  18  1:30  Drone  
  19  1:40  Drone  
  20  1:54  Drone  
  21  2:01  Overlord  
  21  2:05  Queen x2  
  21  2:06  Zergling x2  
  26  2:13  Drone  
  27  2:16  Metabolic Boost, Drone  
  27  2:22  Drone  
  29  2:28  Drone  
  30  2:35  Drone  
  31  2:38  Drone  
  31  2:41  Hatchery  
  31  2:47  Queen  
  31  2:51  Overlord  
  33  2:54  Drone  
  33  2:56  Drone  
  34  3:03  Drone  
  35  3:11  Drone x2  
  37  3:16  Drone x3  
  37  3:17  Overlord  
  37  3:18  Drone x2  
  42  3:22  Drone  
  43  3:27  Zergling x2  
  44  3:35  Extractor x2  
  44  3:36  Roach Warren  
  44  3:37  Zergling x4  
  43  3:42  Drone  
  43  3:45  Overlord  
  43  3:47  Drone x3  
  47  3:53  Drone  
  48  3:57  Drone x2  
  48  4:00  Overlord  
  48  4:01  Drone x2  
  53  4:02  Drone  
  53  4:07  Drone  
  54  4:12  Spine Crawler  
  54  4:14  Overlord  
  53  4:18  Roach x4  
  60  4:24  Lair  
  60  4:26  Drone  
  60  4:27  Drone x2  
  63  4:32  Spine Crawler  
  63  4:36  Drone x4  
  65  4:41  Evolution Chamber  
  65  4:42  Overlord  
  64  4:48  Roach x2  
  64  4:49  Roach  
  70  4:56  Overlord  
  70  5:02  Roach x4  
  70  5:03  Ravager x2  
  70  5:05  Drone x2  
  82  5:10  Spine Crawler  
  82  5:11  Ravager  
  82  5:14  Roach x2  
  82  5:19  Roach x2  
  90  5:21  Roach  
  90  5:24  Drone  
  90  5:25  Overlord  
  90  5:27  Overlord  
  93  5:33  Glial Reconstitution  
  93  5:35  Drone x2  
  95  5:38  Roach  
  97  5:46  Roach x3  
  103  5:53  Roach x3  
  103  5:56  Zergling x10  
  114  6:06  Overlord x2  
  106  6:15  Ravager  
  106  6:16  Roach x4  
  106  6:18  Zergling x8  
  110  6:21  Extractor x2  
  106  6:26  Roach x3  
  106  6:31  Overlord  
  112  6:34  Drone x2  
  112  6:37  Zerg Missile Weapons Level 1  
  112  6:38  Drone x6  
  120  6:40  Drone x3  
  123  6:50  Hydralisk Den  
  122  6:55  Hatchery  
  122  6:56  Overlord  
  122  6:57  Roach x3  
  126  7:03  Roach x2  
  130  7:09  Overlord  
  128  7:21  Overlord  
  124  7:23  Queen  
  124  7:26  Lurker Den  
  124  7:27  Drone x4  
  124  7:28  Drone  
  128  7:31  Roach x4  
  128  7:36  Extractor  
  135  7:41  Overlord x2  
  135  7:46  Drone x4  
  135  7:47  Drone  
  135  7:50  Queen  
  142  7:55  Ravager  
  143  7:58  Hydralisk  
  143  7:59  Hydralisk x3  
  143  8:01  Overseer  
  143  8:03  Overseer  
  151  8:12  Drone x2  
  151  8:15  Overlord  
  151  8:19  Hydralisk x5  
  161  8:24  Overlord  
  161  8:25  Overlord  
  161  8:30  Hydralisk x3  
  161  8:33  Zerg Missile Weapons Level 2  
  167  8:42  Hydralisk x3  
  167  8:45  Zergling x4  
  175  8:50  Ravager x2  
  177  8:57  Lurker  
  176  9:04  Lurker  
  175  9:12  Zergling x4  
  175  9:13  Zergling x8  
  175  9:14  Muscular Augments  
  181  9:18  Overlord x2  
  181  9:23  Zergling x2  
  181  9:24  Zergling x8  
  186  9:25  Drone  
  186  9:28  Evolution Chamber  
  186  9:29  Infestation Pit  
  186  9:30  Lurker  
  186  9:40  Drone x3  
  186  9:41  Spine Crawler x2  
  186  9:44  Lurker x3  
  171  10:02  Lurker x3  
  171  10:04  Zergling x4  
  171  10:05  Zergling x22  
  152  10:19  Hydralisk x5  
  146  10:25  Hydralisk  
  146  10:26  Hydralisk  
  149  10:36  Extractor x2  
  149  10:38  Drone  
  149  10:39  Drone x5  
  149  10:40  Spore Crawler  
  152  10:45  Zergling x8  
  132  11:08  Hydralisk x7  
  146  11:13  Ravager  
  146  11:16  Zergling x12  
  146  11:17  Zergling x6  
  163  11:34  Lurker x2  
Tags
 
Add a new tag
Caveats
  • Supply blocks, unpowered buildings, or Contaminate may cause inaccurate times.
  • Supply counts are checked every 10 seconds.